 Dungeon Crawl Stone Soup version 0.27-a0-906-g0a00ce863d (webtiles) character file.

Game seed: 18142657030177482424

2023 HELP the Covert (level 9, -6/57 HPs)
             Began as an Octopode Venom Mage on Apr 7, 2021.
             Killed from afar by Harold (16 damage)
             ... with a harpoon shot
             ... on level 7 of the Dungeon.
             The game lasted 00:59:52 (8932 turns).

HELP the Covert (Octopode Venom Mage)               Turns: 8932, Time: 00:59:52

Health: -6/57      AC:  1    Str:  8    XL:     9   Next: 23%
Magic:  1/15       EV:  7    Int: 20    God:
Gold:   288        SH:  0    Dex: 12    Spells: 4/17 levels left

rFire    . . .     SeeInvis .   a - +0 dagger
rCold    . . .     Faith    .   (no shield)
rNeg     . . .     Spirit   .   (helmet restricted)
rPois    .         Reflect  .   (no amulet)
rElec    .         Harm     .   v - ring of willpower
rCorr    .         Rampage  .   (no ring)
Will     +....                  (no ring)
Stlth    +++++.....             (no ring)
HPRegen  0.19/turn              (no ring)
MPRegen  0.14/turn              (no ring)
                                (no ring)
                                (no ring)

@: very slightly contaminated, held
A: almost no armour, amphibious, 8 rings, camouflage 1, gelatinous body 1,
(nimble swimmer 1), tentacles
a: no special abilities


You were on level 7 of the Dungeon.
You visited 1 branch of the dungeon, and saw 7 of its levels.

You collected 288 gold pieces.

Inventory:

Hand Weapons
 a - a +0 dagger (weapon)
 b - a +0 hunting sling
 c - a +0 whip
Missiles
 o - 22 sling bullets
 p - 98 arrows
 r - 7 boomerangs (quivered)
 z - 254 stones
Magical Staves
 w - a staff of death
Jewellery
 v - a ring of willpower (left tentacle)
Scrolls
 d - a scroll of enchant weapon {unknown}
 f - 2 scrolls of identify
 g - 3 scrolls of amnesia
 h - 2 scrolls of magic mapping
 j - a scroll of immolation {unknown}
 k - a scroll of fog {unknown}
 l - a scroll of blinking {unknown}
 m - 3 scrolls of enchant armour {unknown}
 s - a scroll of noise {unknown}
 x - a scroll of teleportation
 y - a scroll of silence {unknown}
Potions
 e - 2 potions of attraction
 i - a potion of brilliance {unknown}
 n - a potion of flight {unknown}
 q - 2 potions of curing
 t - a potion of heal wounds {unknown}


   Skills:
 - Level 3.6 Fighting
 - Level 2.0 Dodging
 + Level 9.4 Stealth
 + Level 4.5 Spellcasting
 - Level 3.0 Conjurations
 - Level 3.0 Translocations
 - Level 3.0 Transmutations
 * Level 2.9 Fire Magic
 - Level 3.0 Air Magic
 + Level 5.5 Poison Magic


You had 4 spell levels left.
You knew the following spells:

 Your Spells              Type           Power      Damage    Failure   Level
a - Sting                 Tmut/Pois      84%        1d7       2%          1
b - Blink                 Tloc           N/A        N/A       5%          2
c - Call Imp              Summ           4%         N/A       19%         2
s - Mephitic Cloud        Conj/Pois/Air  19%        N/A       8%          3
x - Ignite Poison         Fire/Tmut/Pois 19%        N/A       8%          3
z - Poisonous Vapours     Pois/Air       42%        N/A       3%          2

Your spell library contained the following spells:

 Spells                   Type           Power      Damage    Failure   Level
 Magic Dart               Conj           64%        1d6       3%          1
 Conjure Flame            Conj/Fire      16%        6-21      11%         3
 Corona                   Hex            4%         N/A       12%         1
 Olgreb's Toxic Radiance  Pois           26%        N/A       12%         4
 Slow                     Hex            4%         N/A       19%         2
 Inner Flame              Hex/Fire       10%        N/A       21%         3
 Portal Projectile        Hex/Tloc       20%        N/A       21%         3
 Cause Fear               Hex            2%         N/A       77%         4
 Leda's Liquefaction      Hex/Erth       2%         N/A       77%         4


Dungeon Overview and Level Annotations

Branches:
Dungeon (7/15)
 Temple: D:4-7

Altars:
Dithmenos

Shops:
D:4 (

Portals:
Abyss: D:4

Annotations:
D:4 2 transporters, schwarznadel's ghost, amateur DjFE
D:5 Dowan; Duvessa
D:7 Harold


Innate Abilities, Weirdness & Mutations

You cannot wear most types of armour.
You are amphibious.
You can wear up to eight rings at the same time.
Your skin changes colour to match your surroundings (Stealth+).
Your rubbery body absorbs attacks. (AC +1, EV +1)
((You are camouflaged near water. (Stealth+)))
You have tentacles for arms and can constrict up to eight enemies at once.


Message History

Harold suddenly seems more resistant.
You release your grip on Harold.
You feel sick.
You are no longer poisoned.
Harold fires a harpoon shot at you. The harpoon shot hits you!
* * * LOW HITPOINT WARNING * * *
You are yanked forward by the harpoon shot.
Harold throws a throwing net.
The throwing net misses you.
Casting: Ignite Poison (dangerous; 8% risk of failure)
Confirm with . or Enter, or press ? or * to list all spells.
Aiming: Poisonous Vapours (safe; 3% risk of failure)
Press: ? - help, Dir - move target, f - Harold
Aim: Harold, wielding a +0 short sword, wearing a +3 chain mail of positive energy and quivering 2 throwing nets (moderately wounded, unusually resistant) Harold cannot be affected by poisonous vapours!
Casting: Poisonous Vapours (safe; 3% risk of failure)
Confirm with . or Enter, or press ? or * to list all spells.
You don't know that spell.
Casting: Poisonous Vapours (safe; 3% risk of failure)
Confirm with . or Enter, or press ? or * to list all spells.
Aiming: Mephitic Cloud (dangerous; 8% risk of failure)
Press: ? - help, Shift-Dir - straight line, f/p - Harold
Aim: Harold, wielding a +0 short sword, wearing a +3 chain mail of positive energy and quivering 2 throwing nets (moderately wounded, unusually resistant, chance to affect: 58%)
The ball explodes into a vile cloud!
The stinking cloud engulfs Harold but does no damage.
Harold is moderately wounded.
Harold throws a throwing net.
The throwing net barely misses you.
Casting: Mephitic Cloud (dangerous; 8% risk of failure)
Confirm with . or Enter, or press ? or * to list all spells.
You ignite the poison in your surroundings!
Harold is engulfed in blazing flames.
Harold fires a harpoon shot at you. The harpoon shot misses you.
Harold is engulfed in blazing flames.
Harold throws a throwing net.
The throwing net hits you.
You become entangled in the net!
You see here a throwing net.
You struggle against the net.
Harold is engulfed in blazing flames.
You struggle against the net.
Harold is engulfed in blazing flames.
Harold fires a harpoon shot at you. The harpoon shot hits you!
You die...

#......#
#......#
#......#
###......#
.$.......##
#########
.......#..#
#.......#
.......##.#
#.......#
.########.#
###..°....#
.# ♣♣♣♣ #)#
#(@.@○°<..#
.#♣♣..♣♣#.#
#.#...°...#
.#♣.♣♣..')#
#.#########
.#♣.♣♣..'.#
#.#
.#♣♣..♣♣###
#.# ## ♣♣♣♣
#.# #.#
#### #.#
...######
#.#


You could see Harold (resistant).

Vanquished Creatures
  A komodo dragon (D:5)
  5 yaks
  An ogre (D:5)
  A kobold brigand (D:7)
  A bullfrog (D:6)
  2 scorpions (D:5)
  3 wights (D:3)
  2 hounds
  A bullfrog zombie (D:7)
  A gnoll shaman (D:7)
  Terence (D:2)
  2 orc wizards
  3 iguanas
  A hound skeleton (D:4)
  7 gnolls
  A howler monkey skeleton (D:3)
  5 adders
  A shadow imp (D:7)
  3 white imps (D:7)
  6 worms
  3 dart slugs
  13 orcs
  12 endoplasms
  6 goblins
  5 hobgoblins
  A jackal (D:2)
  4 quokkas
  2 ball pythons
  2 bats
  A frilled lizard (D:1)
  10 kobolds
  4 rats
111 creatures vanquished.

Notes
Turn   | Place    | Note
-------+----------+-------------------------------------------
     0 | D:1      | HELP the Octopode Venom Mage began the quest for the Orb.
     0 | D:1      | Reached XP level 1. HP: 11/11 MP: 3/3
   321 | D:1      | Found a faded altar of an unknown god.
   648 | D:1      | Reached XP level 2. HP: 18/18 MP: 5/5
   651 | D:1      | Learned a level 2 spell: Poisonous Vapours
   766 | D:1      | Reached skill level 3 in Stealth
  1546 | D:2      | Reached XP level 3. HP: 22/22 MP: 0/6
  1550 | D:2      | Learned a level 3 spell: Mephitic Cloud
  1695 | D:2      | Noticed Terence
  1715 | D:2      | Killed Terence
  1716 | D:2      | Reached skill level 1 in Fighting
  1960 | D:2      | Reached XP level 4. HP: 28/28 MP: 0/7
  3186 | D:3      | Reached skill level 1 in Conjurations
  3186 | D:3      | Reached skill level 1 in Air Magic
  3186 | D:3      | Reached XP level 5. HP: 31/33 MP: 1/8
  3384 | D:3      | Noticed a yak
  3640 | D:3      | Noticed a yak
  3640 | D:3      | Noticed a yak
  3644 | D:3      | Noticed a yak
  3681 | D:3      | Killed a yak
  3682 | D:3      | Reached skill level 4 in Stealth
  3682 | D:3      | Reached skill level 5 in Poison Magic
  3682 | D:3      | Reached XP level 6. HP: 39/39 MP: 1/10
  3686 | D:3      | Learned a level 3 spell: Ignite Poison
  3723 | D:3      | Killed a yak
  3723 | D:3      | Noticed a yak
  3724 | D:3      | Reached skill level 5 in Stealth
  4154 | D:2      | Killed a yak
  4155 | D:2      | Reached skill level 6 in Stealth
  4155 | D:2      | Reached XP level 7. HP: 40/44 MP: 1/11
  4213 | D:3      | Learned a level 2 spell: Blink
  4331 | D:3      | Reached skill level 7 in Stealth
  4386 | D:3      | Killed a yak
  4510 | D:3      | Killed a yak
  4511 | D:3      | Reached XP level 8. HP: 50/50 MP: 2/12
  4514 | D:3      | Learned a level 2 spell: Call Imp
  5127 | D:4      | Found a one-way gate to the infinite horrors of the Abyss.
  5127 | D:4      | Noticed schwarznadel's ghost (amateur DjFE)
  5151 | D:5      | Entered Level 5 of the Dungeon
  5532 | D:4      | Found Yrchu's Weapon Shoppe.
  5723 | D:4      | Found a transporter.
  5727 | D:4      | Found a transporter.
  6566 | D:5      | Reached skill level 8 in Stealth
  7150 | D:5      | Noticed Duvessa
  7150 | D:5      | Noticed Dowan
  7378 | D:6      | Noticed a komodo dragon
  7438 | D:5      | Killed a komodo dragon
  7439 | D:5      | Reached skill level 9 in Stealth
  7439 | D:5      | Reached XP level 9. HP: 34/57 MP: 0/15
  7941 | D:6      | Found a shadowy altar of Dithmenos.
  8916 | D:7      | Noticed Harold
  8932 | D:7      | Killed from afar by Harold

Illustrated notes

Levels and vault maps discovered:
D:1:      dpeg_arrival_three_same_balls, layout_loops_cross,
          basic_ecumenical_altar
D:2:      layout_basic, minmay_circle_x, uniq_terence
D:3:      layout_basic, minmay_misc_feat_nine_boxes
D:4:      layout_basic, gammafunk_ghost_abyssal_escape, serial_shops, shop
D:5:      layout_loops_ring, minmay_fractal_squares_5, uniq_duvessa
D:6:      layout_basic, nicolae_overflow_hidden_temple, uniq_edmund
D:7:      layout_basic, minmay_temple_entry_enclosed_plants,
          kennysheep_generic_room_15, uniq_harold

Skill      XL: |  1  2  3  4  5  6  7  8 |
---------------+-------------------------+-----
Stealth        | 3 4 6 7 9 |  9.4
Poison Magic   | 4 5 |  5.5
Fighting       | 1 2 3 |  3.6
Conjurations   | 1 2 3 |  3.0
Air Magic      | 1 2 3 |  3.0
Transmutations | 2 3 |  3.0
Fire Magic     | 2 |  2.9
Spellcasting   | 3 4 |  4.5
Translocations | 2 3 |  3.0
Dodging        | |  2.0

Action                   |  1- 3 |  4- 6 |  7- 9 || total
-------------------------+-------+-------+-------++-------
Melee: Dagger            |    28 |    53 |    45 ||   126
       Whip              |     4 |       |       ||     4
       Tentacles         |     8 |    15 |     9 ||    32
       Constrict         |     6 |    10 |     7 ||    23
       Unarmed           |     1 |       |       ||     1
Throw: Stone             |     5 |       |     4 ||     9
       Boomerang         |       |       |     6 ||     6
 Cast: Sting             |     8 |     8 |     7 ||    23
       Poisonous Vapours |    15 |    22 |    90 ||   127
       Mephitic Cloud    |       |       |    12 ||    12
       Ignite Poison     |       |       |    12 ||    12
  Use: Scroll            |       |       |     6 ||     6
 Stab: Sleeping          |     5 |     5 |     5 ||    15
Armor: Skin              |       |     2 |     3 ||     5
Dodge: Dodged            |    11 |    28 |    36 ||    75

Table legend: (Time is in decaauts)
 A = Elapsed time spent in this place.
 B = Non-inter-level travel time spent in this place.
 C = Inter-level travel time spent in this place.
 D = Time resting spent in this place.
 E = Time spent auto-exploring this place.
 F = Levels seen in this place.
 G = Mean time per level.
                   A        B        C        D        E       F      G
               +--------+--------+--------+--------+--------+-----+--------+
         Total |   8944 |   8660 |    284 |   2954 |   2492 |   7 | 1277.7 |
       Dungeon |   8944 |   8660 |    284 |   2954 |   2492 |   7 | 1277.7 |
               +--------+--------+--------+--------+--------+-----+--------+

Top non-repeatable levels by time:
     D:3: 1882 daAuts
     D:2: 1676 daAuts
     D:5: 1556 daAuts
     D:1: 1513 daAuts
     D:4: 1045 daAuts
     D:7: 774 daAuts
     D:6: 495 daAuts
